 Dungeon Crawl Stone Soup version 0.19.0-2-gae57169 (webtiles) character file.

2317 Helmschank the Cutter (level 9, -5/54 HPs)
             Began as a Halfling Skald on Nov 6, 2016.
             Was an Initiate of Hepliaklqana.
             Slain by a red ugly thing (16 damage)
             ... on level 8 of the Dungeon.
             The game lasted 00:41:43 (8615 turns).

Helmschank the Cutter (Halfling Skald)              Turns: 8615, Time: 00:41:44

Health: -5/54      AC:  5    Str: 14    XL:     9   Next: 68%
Magic:  11/11      EV: 17    Int: 11    God:    Hepliaklqana [......]
Gold:   234        SH:  6    Dex: 15    Spells: 4 memorised, 3 levels left

rFire  . . .     SeeInvis .     a - +1 short sword (protect)
rCold  . . .     Gourm    .     e - +0 leather armour
rNeg   . . .     Faith    .     A - +0 buckler
rPois  .         Spirit   .     (no helmet)
rElec  .         Reflect  .     (no cloak)
rCorr  +         Harm     .     (no gloves)
MR     +....                    I - +1 pair of boots
Stlth  +.........               m - amulet of regeneration
                                n - ring of protection from magic
                                s - ring of resist corrosion

@: no status effects
A: reduced essence, mutation resistance 1
a: Recall Ancestor, Ancestor Identity, Renounce Religion


You were on level 8 of the Dungeon.
You worshipped Hepliaklqana.
Hepliaklqana was noncommittal.
You were not hungry.

You visited 2 branches of the dungeon, and saw 9 of its levels.
You also visited: Bailey.

You collected 454 gold pieces.
You spent 220 gold pieces at shops.

Inventory:

Hand Weapons
 a - a +1 short sword of protection (weapon)
 b - a +0 blowgun
 D - a +0 long sword
Missiles
 w - 19 sling bullets
 x - 241 stones (quivered)
 y - 13 poisoned needles
Armour
 e - a +0 leather armour (worn)
 A - a +0 buckler (worn)
 B - a +1 ring mail
 I - a +1 pair of boots (worn)
Jewellery
 m - an amulet of regeneration (around neck)
 n - a ring of protection from magic (right hand)
 s - a ring of resist corrosion (left hand)
 t - an uncursed amulet of rage
 F - an uncursed amulet of magic regeneration
Wands
 h - a wand of random effects (36/48)
 v - a wand of slowing (48/48)
 G - a wand of lightning (10/15)
Scrolls
 f - 5 scrolls of teleportation
 i - 6 scrolls of remove curse
 k - a scroll of enchant armour
 q - 2 scrolls of recharging
 z - a scroll of fear
 H - a scroll of amnesia
 J - a scroll of blinking
Potions
 g - 2 potions of flight
 p - a potion of resistance
 u - a potion of lignification
 C - 3 potions of brilliance
 E - a potion of curing
 M - a potion of agility
Books
 c - a book of Battle

   Spells                             Type                      Level
   a - Infusion                       Charms                       1
   b - Shroud of Golubria             Charms/Translocation         2
   c - Song of Slaying                Charms                       2
   d - Spectral Weapon                Hexes/Charms                 3
   e - Regeneration                   Charms/Necromancy            3
Comestibles
 d - 10 bread rations
 j - 5 beef jerkies
 r - 3 meat rations
 K - 15 chunks of flesh
 L - 3 fruits


   Skills:
 - Level 5.0 Fighting
 - Level 7.9 Short Blades
 - Level 3.8 Armour
 - Level 5.1 Dodging
 + Level 5.3 Shields
 - Level 1.5 Spellcasting
 - Level 5.0 Charms
 - Level 1.4 Necromancy
 - Level 2.5 Translocations


You had 3 spell levels left.
You knew the following spells:

 Your Spells              Type           Power        Failure   Level  Hunger
a - Song of Slaying       Chrm           ##......     10%         2    ###....
b - Regeneration          Chrm/Necr      #.........   34%         3    ####...
x - Shroud of Golubria    Chrm/Tloc      #.........   14%         2    ###....
z - Infusion              Chrm           ##..         8%          1    ##.....


Dungeon Overview and Level Annotations

Branches:
Dungeon (8/15)             Temple (1/1) D:7
   Lair: D:8-11

Altars:
Ashenzari
Cheibriados
Dithmenos
Elyvilon
Fedhas
Gozag
Hepliaklqana
Kikubaaqudgha
Makhleb
Nemelex Xobeh
Okawaru
Qazlal
Ru
Trog
Vehumet
Xom
Yredelemnul
Zin
The Shining One

Shops:
D:6 (}[


Innate Abilities, Weirdness & Mutations

You are small and have problems with some larger weapons.
You are somewhat resistant to further mutation.
Your life essence is reduced. (-10% HP)


Message History

K - 16 chunks of flesh (gained 3)
y - 11 poisoned needles (gained 1)
y - 12 poisoned needles (gained 1)
y - 13 poisoned needles (gained 1);
x - 241 stones (gained 27) Eating one of 16 chunks of flesh.
You start eating one of the 16 chunks of flesh.
This raw flesh tastes terrible.
A red ugly thing comes into view.
The red ugly thing gurgles horribly!
Search for what [? for help]? sling The red ugly thing gores you.
You are engulfed in flames!
You barely miss the red ugly thing. The red ugly thing gores you.
You are engulfed in flames!!
* * * LOW HITPOINT WARNING * * *
Put on which piece of jewellery? (? for menu, Esc to quit)
Okay, then.
The red ugly thing gores you!
* * * LOW HITPOINT WARNING * * *
You are engulfed in flames!
You die...

################
#...............
#.##############
#.#,,,,,,,,.....
#####.#.####***.....
#...RR.......,,.....
###.#.#.############
#u#.#...,.........
#@#..,...........#
#.##.#.#########.#
#..,..,# #.#
####.##* #.# *.# #.#
*,* #.# *,* #.#
******,* #.#
*,,,,,,* #.#


You could see the friendly Aula the ancestor and a red ugly thing.

Vanquished Creatures
  The ghost of lastplaneout the Slasher, an amateur DsWn (D:3)
  A hungry ghost (D:7)
  2 orc warriors
  A sky beast (D:8)
  5 ogres
  An ice beast (D:6)
  A big kobold (D:5)
  A bullfrog (D:8)
  2 scorpions
  3 howler monkeys
  A centaur zombie (D:6)
  A crimson imp (D:6)
  5 hounds
  3 orc wizards
  A centaur skeleton (D:7)
  2 jellies
  An orc priest (D:7)
  A bullfrog skeleton (D:7)
  Natasha (thrice) (D:4)
  2 worker ants
  2 killer bee zombies
  A hound zombie (D:5)
  A howler monkey skeleton (D:5)
  2 adders (D:7)
  2 worms
  4 dart slugs
  4 leopard geckos
  22 orcs
  3 ball pythons
  4 giant cockroaches
  9 goblins
  7 hobgoblins
  2 jackals (D:5)
  3 quokkas
  7 bats
  8 frilled lizards
  A jackal zombie (D:5)
  9 kobolds
  11 rats
140 creatures vanquished.

Vanquished Creatures (collateral kills)
  A hound (D:8)
  An iguana (D:7)
  A killer bee zombie (D:8)
  An adder (D:7)
  A leopard gecko (D:7)
5 creatures vanquished.

Grand Total: 145 creatures vanquished

Notes
Turn   | Place    | Note
-------+----------+-------------------------------------------
     0 | D:1      | Helmschank the Halfling Skald began the quest for the Orb.
     0 | D:1      | Reached XP level 1. HP: 14/14 MP: 3/3
    66 | D:1      | Reached skill level 3 in Short Blades
   112 | D:1      | Reached XP level 2. HP: 8/19 MP: 4/4
   763 | D:1      | Reached XP level 3. HP: 22/24 MP: 5/5
   790 | D:1      | Reached skill level 4 in Short Blades
  1390 | D:2      | HP: 1/24 [worm (11)]
  1658 | D:2      | Learned a level 2 spell: Song of Slaying
  1658 | D:2      | Found a shimmering altar of Xom.
  1679 | D:2      | Found a blossoming altar of Fedhas.
  1695 | D:2      | Found a shadowy altar of Dithmenos.
  1705 | D:2      | Found a glowing golden altar of the Shining One.
  1755 | D:2      | Found a burning altar of Makhleb.
  1896 | D:2      | Reached XP level 4. HP: 29/29 MP: 6/6
  2297 | D:3      | Noticed an ogre
  2481 | D:3      | Noticed lastplaneout's ghost (amateur DsWn)
  2513 | D:2      | Killed an ogre
  2513 | D:2      | Reached XP level 5. HP: 36/36 MP: 0/7
  3215 | D:4      | Reached XP level 6. HP: 25/42 MP: 2/8
  3391 | D:4      | Noticed Natasha
  3407 | D:4      | Killed Natasha
  3650 | D:4      | Noticed Natasha
  3665 | D:4      | Killed Natasha
  3812 | D:4      | Noticed Natasha
  3825 | D:4      | Killed Natasha
  3825 | D:4      | Reached skill level 5 in Short Blades
  4083 | D:5      | Entered Level 5 of the Dungeon
  4090 | D:5      | Reached skill level 1 in Shields
  4316 | D:5      | Reached XP level 7. HP: 39/46 MP: 3/9
  4741 | D:5      | Found an ancient bone altar of Kikubaaqudgha.
  4983 | D:5      | Reached skill level 5 in Shields
  5468 | D:6      | Found Nibydd's Gadget Emporium.
  5484 | D:6      | Reached XP level 8. HP: 51/52 MP: 2/10
  5521 | D:6      | Reached skill level 6 in Short Blades
  5627 | D:6      | Learned a level 3 spell: Regeneration
  5723 | D:6      | Found Ykkiurepu's Antique Armour Shop.
  5749 | D:6      | Bought a pair of runed boots for 220 gold pieces
  5782 | D:6      | Reached skill level 7 in Short Blades
  5814 | D:6      | Reached skill level 1 in Necromancy
  6169 | D:6      | Learned a level 2 spell: Shroud of Golubria
  6206 | D:6      | Found Xyerah's Weapon Shoppe.
  6444 | D:3      | Killed lastplaneout's ghost
  6769 | D:7      | Reached XP level 9. HP: 49/58 MP: 11/11
  6998 | D:7      | HP: 2/58 [orc warrior/mace (11)]
  7107 | D:7      | Found a flagged portal.
  7113 | Bailey   | Entered a bailey
  7398 | D:7      | Reached skill level 5 in Charms
  7614 | D:7      | Found a staircase to the Ecumenical Temple.
  7619 | Temple   | Entered the Ecumenical Temple
  7760 | Temple   | Became a worshipper of Hepliaklqana the Forgotten
  8463 | D:8      | Reached skill level 5 in Dodging
  8505 | D:8      | Reached skill level 5 in Fighting
  8608 | D:8      | Noticed a red ugly thing
  8615 | D:8      | Slain by a red ugly thing

Skill      XL: |  1  2  3  4  5  6  7  8  9 |
---------------+----------------------------+-----
Short Blades   | 3 4 5 7 |  7.9
Dodging        | 2 5 |  5.1
Fighting       | 3 5 |  5.0
Armour         | 2 3 |  3.8
Shields        | 1 5 |  5.3
Necromancy     | 1 |  1.4
Translocations | 2 |  2.5
Charms         | 5 |  5.0
Spellcasting   | |  1.5

Action                   |  1- 3 |  4- 6 |  7- 9 || total
-------------------------+-------+-------+-------++-------
Melee: Short sword       |   156 |   140 |   545 ||   841
 Fire: Blowgun           |       |     4 |    20 ||    24
Throw: Stone             |    13 |     9 |    21 ||    43
 Cast: Infusion          |     4 |     7 |     9 ||    20
       Song of Slaying   |       |     1 |     5 ||     6
Invok: Ancestor Identity |       |       |     2 ||     2
  Use: Scroll            |       |    12 |     7 ||    19
       Potion            |       |       |     5 ||     5
 Stab: Sleeping          |       |       |     1 ||     1
  Eat: Chunk             |     3 |     8 |    11 ||    22
       Pizza             |       |       |     1 ||     1
       Royal jelly       |       |       |     1 ||     1
       Beef jerky        |       |       |     3 ||     3
Armor: Leather armour    |    35 |    10 |   100 ||   145
Dodge: Dodged            |    89 |    75 |   320 ||   484
Block: Buckler           |       |     5 |   147 ||   152
